cohdb
Replays
Latest Replays
All Replays
Popular Replays
Top Player Replays
Match Explorer
How It Works
Community
CoH3 Stats
Reddit
Sign in to upload your games and track your stats! →
Sign in with Steam
Match 46216293
Unlisted
Match 46216293
Overview
Messages
Build Orders
End
Selects Armored Battlegroup
Selects Veteran Crews
Construct Barracks
1⁄4-ton 4x4 Truck
Riflemen Squad
M1 Mortar Team
Riflemen Squad
1⁄4-ton 4x4 Truck
Selects M31 Recovery Vehicle
Construct Weapon Support Center
M1919 Machine Gun Team
Infantry Support Center
Riflemen Squad
M1918 Browning Automatic Rifles
Demolitions Package
Construct Motor Pool
Selects War Machine
Rogue_Nihilus
porsche911
Optionism
mad fckr
Rezei
Joraad
alper
Slonek
0
0
Comments
sign in to comment!
No comments posted yet!